 Dungeon Crawl Stone Soup version 0.29.0-5-ge4962eb29e (webtiles) character file.

Game seed: 16600418337387987091

0 Descartes the Insei (level 1, -1/12 HPs)
             Began as a Deep Elf Wanderer on Aug 28, 2022.
             Killed from afar by a dart slug (3 damage)
             ... with a slug dart
             ... on level 1 of the Dungeon.
             The game lasted 00:00:50 (34 turns).

Descartes the Insei (Deep Elf Wanderer)               Turns: 34, Time: 00:00:51

Health: -1/12      AC:  3    Str:  6    XL:     1   Next: 8%
Magic:  5/5        EV: 12    Int: 15    God:
Gold:   0          SH:  0    Dex: 18    Spells: 2/3 levels left

rFire   . . .      SeeInvis .   a - +0 dagger
rCold   . . .      Faith    .   (no shield)
rNeg    . . .      Spirit   .   e - +0 robe
rPois   .          Reflect  .   c - +0 helmet
rElec   .          Harm     .   (no cloak)
rCorr   .          Rampage  .   (no gloves)
Will    .....                   (no boots)
Stlth   ++........              (no amulet)
HPRegen 0.04/turn               (no ring)
MPRegen 0.09/turn               (no ring)

@: no status effects
A: no striking features
a: no special abilities


You were on level 1 of the Dungeon.
You visited 1 branch of the dungeon, and saw 1 of its levels.

Inventory:

Hand Weapons
 a - a +0 dagger (weapon)
Armour
 c - a +0 helmet (worn)
 e - a +0 robe (worn)
Scrolls
 b - a scroll of fear
 d - a scroll of blinking
Potions
 f - a potion of invisibility


   Skills:
 - Level 1.0 Fighting
 + Level 0.0 Short Blades
 + Level 1.2 Dodging
 + Level 1.2 Stealth
 - Level 4.1 Unarmed Combat
 + Level 1.5 Spellcasting
 + Level 0.0 Conjurations
 - Level 1.1 Summonings


You had 2 spell levels left.
You knew the following spells:

 Your Spells              Type           Power      Damage    Failure   Level
a - Summon Small Mammal   Summ           16%        N/A       16%         1

Your spell library contained the following spells:

 Spells                   Type           Power      Damage    Failure   Level
 Call Canine Familiar     Summ           4%         N/A       41%         3


Dungeon Overview and Level Annotations

Branches:
Dungeon (1/15)

Altars:


Message History

You are too injured to fight recklessly!
You are too injured to fight recklessly!
You are too injured to fight recklessly!
You are too injured to fight recklessly!
You are too injured to fight recklessly!
You are too injured to fight recklessly!
You are too injured to fight recklessly!
You are too injured to fight recklessly!
You are too injured to fight recklessly!
You are too injured to fight recklessly!
You are too injured to fight recklessly!
You are too injured to fight recklessly!
You are too injured to fight recklessly!
You are too injured to fight recklessly!
You are too injured to fight recklessly!
You are too injured to fight recklessly!
You are too injured to fight recklessly!
You are too injured to fight recklessly!
You are too injured to fight recklessly!
You are too injured to fight recklessly!
You are too injured to fight recklessly!
You are too injured to fight recklessly!
You are too injured to fight recklessly!
You are too injured to fight recklessly!
You are too injured to fight recklessly!
You are too injured to fight recklessly!
You hit the kobold.
You kill the kobold!
A kobold comes into view. It is wielding a +0 short sword.
A dart slug comes into view.
You see here a +0 short sword.
A quokka comes into view.
The kobold throws a stone.
The stone hits you but does no damage.
The kobold hits you with a +0 short sword.
* * * LOW HITPOINT WARNING * * *
The kobold barely misses you. The quokka attacks as you move away!
The quokka barely misses you. The dart slug launches a dart at you.
The slug dart hits you.
You die...

## #.. .. #...
#.. #... #...
#...######....
#.....@..w....
#....Kr.......
#........###..
#........#
######.###
#####)#####
#.........#
#.........# ##
#.........#
#≈#


You could see a dart slug, a quokka and a kobold.

Vanquished Creatures
  A kobold (D:1)
1 creature vanquished.

Notes
Turn   | Place    | Note
-------+----------+-------------------------------------------
     0 | D:1      | Descartes the Deep Elf Wanderer began the quest for the
                  | Orb.
     0 | D:1      | Descartes set off with the following items: a +0 dagger, a
                  | scroll of fear, a +0 helmet, a scroll of blinking, a +0
                  | robe, a potion of invisibility; and the following spell
                  | memorised: Summon Small Mammal; and the following spells
                  | available to memorise: Call Canine Familiar.
     0 | D:1      | Reached XP level 1. HP: 12/12 MP: 5/5
    34 | D:1      | Killed from afar by a dart slug

Illustrated notes

Levels and vault maps discovered:
D:1:      lemuel_arrival_river_ford, layout_rooms, minmay_stone_trees_medium,
          kennysheep_another_room

Action                   || total
-------------------------++-------
Melee: Dagger            ||     6
Armor: Robe              ||     2
Dodge: Dodged            ||     4
